 Dungeon Crawl Stone Soup version 0.20.0-15-g7f486f2 (webtiles) character file.

21 zigma the Ruffian (level 2, 0/23 HPs)
             Began as a Draconian Transmuter on June 12, 2017.
             Succumbed to an adder's poison
             ... on level 2 of the Dungeon.
             The game lasted 00:02:33 (1412 turns).

zigma the Ruffian (Draconian Transmuter)            Turns: 1412, Time: 00:02:34

Health: 0/23       AC:  4    Str: 12    XL:     2   Next: 62%
Magic:  5/5        EV: 12    Int: 13    God:
Gold:   12         SH:  0    Dex: 11    Spells: 4/5 levels left

rFire    + . .     SeeInvis .     - Unarmed
rCold    + . .     Gourm    .   (no shield)
rNeg     . . .     Faith    .   (armour unavailable)
rPois    +         Spirit   .   (helmet restricted)
rElec    +         Reflect  .   (no cloak)
rCorr    +         Harm     .   (no gloves)
MR       .....                  (boots currently unavailable)
Stlth    +.........             (no amulet)
Regen    0.1/turn               (no ring)
MPRegen  0.1/turn               (no ring)

@: lethally poisoned (0 -> -7), appendage (expiring), resistant, hasted, very
quick
A: unfitting armour, talons 3, mutation resistance 1, cold-blooded, AC +4
a: End Transformation


You were on level 2 of the Dungeon.
You were not hungry.
You had grown temporary talons.
You visited 1 branch of the dungeon, and saw 2 of its levels.

You collected 12 gold pieces.

Inventory:

Missiles
 a - 27 arrows
 i - a throwing net (quivered)
Scrolls
 d - 3 scrolls of teleportation {unknown}
 f - 3 scrolls of fog {unknown}
 j - a scroll of immolation {unknown}
Potions
 h - a potion of mutation {!q}
Books
 b - a book of Changes

   Spells                             Type                      Level
   a - Beastly Appendage              Transmutation                1
   b - Sticks to Snakes               Transmutation                2
   c - Spider Form                    Transmutation/Poison         3
   d - Ice Form                       Ice/Transmutation            4
   e - Blade Hands                    Transmutation                5
Comestibles
 c - a bread ration
 g - 2 meat rations
 k - a chunk of flesh


   Skills:
 - Level 1.1 Fighting
 - Level 1.7 Dodging
 * Level 3.5 Unarmed Combat
 - Level 2.0 Spellcasting
 + Level 2.6 Transmutations


You had 4 spell levels left.
You knew the following spells:

 Your Spells              Type           Power        Failure   Level  Hunger
a - Beastly Appendage     Tmut           #.....       9%          1    ##.....


Dungeon Overview and Level Annotations

Branches:
Dungeon (2/15)

Altars:


Innate Abilities, Weirdness & Mutations

Your plain brown scales are hard. (AC +4)
You cannot fit into any form of body armour.
You are cold-blooded and may be slowed by cold attacks.
You have claws for feet.
You are somewhat resistant to further mutation.


Message History

It was a potion of mutation.
You feel extremely strange.
You feel genetically stable.
* * * LOW HITPOINT WARNING * * *
You feel sick. The adder closely misses you.
Really quaff
h - a potion of mutation {!q}?
Okay, then.
Unknown command.
Unknown command.
It was a potion of haste.
You feel yourself speed up. The adder barely misses you. The adder bites you.
* * * LOW HITPOINT WARNING * * *
It was a potion of resistance.
You feel protected.
* * * LOW HITPOINT WARNING * * *
You feel sick. The adder barely misses you.
You hit the adder. Your kick misses the adder.
Your tail-slap misses the adder.
The adder is severely wounded.
You hit the adder. Your kick misses the adder.
The adder is almost dead.
You die...

# #.# ##.##. #. #.# #..#. #.###
#.# ##.#. ###....###.# #.#.
#..........## #... #...........#
##.. #...........# #..
#...[.......#################..
#...........lS@รท..........)...>
#%...[......###################
#...........# ##..........#
#..........# #..........#
.......##### #####


You could see an adder and a frilled lizard.

Vanquished Creatures
  A giant cockroach (D:1)
  2 goblins (D:1)
  A hobgoblin (D:1)
  6 jackals
  A quokka (D:2)
  4 bats
  2 frilled lizards
  2 rats
19 creatures vanquished.

Notes
Turn   | Place    | Note
-------+----------+-------------------------------------------
     0 | D:1      | zigma the Draconian Transmuter began the quest for the Orb.
     0 | D:1      | Reached XP level 1. HP: 16/16 MP: 3/3
   600 | D:1      | Reached XP level 2. HP: 21/23 MP: 3/5
  1408 | D:2      | Gained mutation: You are somewhat resistant to further mutation. [potion of mutation]
  1410 | D:2      | HP: 1/23 [poisoned by an adder]
  1412 | D:2      | Succumbed to an adder's poison

Action                   || total
-------------------------++-------
Melee: Unarmed           ||    94
       Punch             ||     2
       Tailslap          ||     6
       Kick              ||     2
 Cast: Beastly Appendage ||     4
  Use: Potion            ||     3
 Stab: Sleeping          ||     2
  Eat: Chunk             ||     2
Armor: Skin              ||    27
Dodge: Dodged            ||    82
